 Dungeon Crawl Stone Soup version 0.19.1-1-g22dce08 (webtiles) character file.

4360 theAP the Basher (level 10, -5/68 HPs)
             Began as a Gargoyle Fighter on Jan 19, 2017.
             Was an Initiate of Gozag.
             Slain by an orc knight
             ... wielding a +0 war axe
              (8 damage)
             ... in a bailey.
             The game lasted 00:18:59 (6414 turns).

theAP the Basher (Gargoyle Fighter)                 Turns: 6414, Time: 00:19:01

Health: -5/68      AC: 20    Str: 28    XL:     10   Next: 34%
Magic:  10/10      EV: 13    Int:  9    God:    Gozag
Gold:   76         SH:  0    Dex: 14    Spells: 0 memorised, 9 levels left

rFire  . . .     SeeInvis .     a - +3 flail
rCold  . . .     Gourm    .     k - +3 chain mail
rNeg   + . .     Faith    .     (no shield)
rPois  ∞         Spirit   .     (no helmet)
rElec  +         Reflect  .     l - +0 cloak
rCorr  .         Harm     .     (no gloves)
MR     .....                    (no boots)
Stlth  ..........               j - amulet of regeneration
                                K - ring of Nylaedus {+Fly rPois}
                                H - ring of flight

@: mighty, agile, flying, hasted, very quick
A: negative energy resistance 1, electricity resistance, unbreathing,
petrification resistance, rot immunity, AC +7
a: Potion Petition, Call Merchant, Bribe Branch, Renounce Religion, Stop Flying


You were in a bailey.
You worshipped Gozag.
Gozag was noncommittal.
You were very hungry.

You visited 2 branches of the dungeon, and saw 9 of its levels.
You also visited: Bailey.

You collected 643 gold pieces.
You paid 567 gold pieces to Gozag.

Inventory:

Hand Weapons
 a - a +3 flail (weapon)
 z - the +1 executioner's axe "Killer Bee's Peril" {chop, rF+ Str+3}
   (You took it off an orc warrior in a bailey)

   It inflicts extra damage upon your enemies.
   It affects your strength (+3).
   It protects you from fire.
Armour
 b - a +0 scale mail
 c - a +1 shield
 k - a +3 chain mail (worn)
 l - a +0 cloak (worn)
 w - a +0 chain mail
Jewellery
 j - an amulet of regeneration (around neck)
 E - an uncursed amulet of magic regeneration
 F - an uncursed ring of resist corrosion
 H - a ring of flight (left hand)
 K - the ring of Nylaedus (right hand) {+Fly rPois}
   (You found it in a bailey)

   [ring of flight]

   It protects you from poison.
   It lets you fly.
Wands
 d - a wand of random effects (0/48)
Scrolls
 g - 4 scrolls of noise
 i - 4 scrolls of remove curse
 o - 2 scrolls of random uselessness
 r - a scroll of identify
Potions
 e - 2 potions of cancellation
 h - 2 potions of magic
 m - a potion of degeneration {unknown}
 n - a potion of beneficial mutation {unknown}
 q - a potion of mutation {unknown}
 s - 3 potions of agility
 u - a potion of haste {unknown}
 A - 3 potions of curing
 B - a potion of lignification {unknown}
 C - a potion of cure mutation {unknown}
Books
 t - a book of Callings

   Spells                             Type                      Level
   a - Summon Small Mammal            Summoning                    1
   b - Call Imp                       Summoning                    2
   c - Call Canine Familiar           Summoning                    3
   d - Summon Guardian Golem          Hexes/Summoning              3
   e - Summon Lightning Spire         Summoning/Air                4
   f - Summon Ice Beast               Ice/Summoning                4
 y - a book of Conjurations

   Spells                             Type                      Level
   a - Magic Dart                     Conjuration                  1
   b - Searing Ray                    Conjuration                  2
   c - Dazzling Spray                 Conjuration/Hexes            3
   d - Fulminant Prism                Conjuration/Hexes            4
   e - Iskenderun's Mystic Blast      Conjuration                  4
   f - Iskenderun's Battlesphere      Conjuration/Charms           5
 G - a book of Alchemy

   Spells                             Type                      Level
   a - Sublimation of Blood           Necromancy                   2
   b - Ignite Poison                  Fire/Transmutation/Poison    3
   c - Petrify                        Transmutation/Earth          4
   d - Alistair's Intoxication        Transmutation/Poison         5
   e - Irradiate                      Conjuration/Transmutation    5
Comestibles
 f - 7 bread rations
 p - 8 meat rations
 v - a slice of pizza


   Skills:
 + Level 10.0 Fighting
 * Level 11.8 Maces & Flails
 - Level 3.5 Armour
 - Level 3.3 Shields


You had 9 spell levels left.
You didn't know any spells.

Dungeon Overview and Level Annotations

Branches:
Dungeon (8/15)             Temple (1/1) D:7
   Lair: D:8-11

Altars:
Ashenzari
Cheibriados
Elyvilon
Fedhas
Gozag
Hepliaklqana
Kikubaaqudgha
Makhleb
Nemelex Xobeh
Qazlal
Trog
Xom
Yredelemnul
The Shining One

Shops:
D:8 *

Annotations:
D:6 1 runed door


Innate Abilities, Weirdness & Mutations

You are resistant to torment.
Your stone body is resilient. (AC +7)
You are immune to poison.
You resist negative energy. (rN+)
You are resistant to electric shocks. (rElec)
You can survive without breathing.
You are immune to petrification.
You are immune to rotting.


Message History

You completely miss the orc knight.
The orc knight is almost dead.
The orc knight hits you with a war axe!
You hit the orc knight.
The orc knight is almost dead.
The orc knight closely misses you. The orc knight hits you with a war axe!
* * * LOW HITPOINT WARNING * * *
You feel better.
The orc knight barely misses you. [a] - 414 gold - haste, agility and might [b] - 396 gold - haste, agility and brilliance [c] - 286 gold - resistance and flight Purchase which effect?
You no longer have enough gold to petition Gozag for potion effects.
You feel yourself speed up.
You feel agile all of a sudden.
You feel very mighty all of a sudden.
The orc knight hits you with a war axe!!
* * * LOW HITPOINT WARNING * * *
The orc knight hits you with a war axe!
You die...
Your body crumbles into a pile of gold.

#############.
####.............
##........$$.########
##.........#$## ....
#.....⌠.(..#o.# ....
##.......###..# ...
#######.oo.(#.'.$####'###
≈≈≈≈≈#..@.)(###....(oK...
≈≈≈≈≈≈≈≈$.)[.(#..####'###
##≈≈≈≈≈≈≈≈≈$(####.......
###....≈≈≈≈≈≈≈∩#.......
##......≈≈≈≈≈########
##.......≈≈≈≈≈≈≈≈≈≈≈
###........≈≈≈≈≈≈≈≈
####.............
####......∩..#


You could see 2 orc knights.

Vanquished Creatures
  The ghost of theAP the Basher, a novice GrFi of Cheibriados (D:6)
  The ghost of barowei the Skirmisher, a novice MiFi (Bailey)
  The ghost of theAP the Cudgeler, an amateur GrFi of Gozag (D:4)
  A soldier ant (D:6)
  4 orc warriors
  A black bear (D:6)
  2 phantoms
  3 ogres
  4 centaurs
  2 bullfrogs
  A wyvern skeleton (D:7)
  2 scorpions
  6 killer bees (D:6)
  A howler monkey (D:5)
  A crimson imp (D:6)
  A bullfrog zombie (D:7)
  A bullfrog skeleton (D:7)
  2 hounds
  3 jellies
  A gnoll shaman (D:5)
  7 orc priests
  A centaur skeleton (D:8)
  Jessica (D:3)
  An iguana (D:7)
  3 orc wizards
  11 worker ants
  A hound zombie (D:6)
  A hound skeleton (D:5)
  A howler monkey zombie (D:8)
  2 worker ant zombies (D:5)
  10 adders
  16 gnolls
  2 shadow imps
  An adder skeleton (D:5)
  An adder zombie (D:7)
  4 worms
  A dart slug (D:2)
  6 leopard geckos
  24 orcs
  2 ball pythons
  A bat (D:3)
  11 giant cockroaches
  9 goblins
  9 hobgoblins
  3 jackals (D:6)
  18 kobolds
  6 quokkas
  4 frilled lizards
  9 rats
205 creatures vanquished.

Notes
Turn   | Place    | Note
-------+----------+-------------------------------------------
     0 | D:1      | theAP the Gargoyle Fighter began the quest for the Orb.
     0 | D:1      | Reached XP level 1. HP: 14/14 MP: 1/1
     3 | D:1      | Noticed an electric eel
     3 | D:1      | Noticed an electric eel
   338 | D:1      | Reached XP level 2. HP: 19/19 MP: 2/2
   591 | D:1      | Found a shimmering altar of Xom.
   614 | D:1      | Found a stormy altar of Qazlal.
   614 | D:1      | Found a burning altar of Makhleb.
   616 | D:1      | Found an opulent altar of Gozag.
   616 | D:1      | Found a burning altar of Makhleb.
   616 | D:1      | Found a white marble altar of Elyvilon.
   959 | D:2      | Reached XP level 3. HP: 24/24 MP: 3/3
  1153 | D:2      | Reached skill level 3 in Maces & Flails
  1153 | D:2      | Reached XP level 4. HP: 29/30 MP: 4/4
  1818 | D:3      | Reached XP level 5. HP: 7/34 MP: 5/5
  1927 | D:3      | Reached skill level 4 in Maces & Flails
  1985 | D:3      | Noticed Jessica
  1995 | D:3      | Killed Jessica
  2132 | D:4      | Reached skill level 5 in Fighting
  2133 | D:4      | Noticed theAP's ghost (amateur GrFi)
  2137 | D:4      | Killed theAP's ghost
  2137 | D:4      | Reached skill level 5 in Maces & Flails
  2137 | D:4      | Reached XP level 6. HP: 35/40 MP: 6/6
  2387 | D:4      | Reached XP level 7. HP: 22/45 MP: 7/7
  2395 | D:4      | Found a blossoming altar of Fedhas.
  2660 | D:5      | Entered Level 5 of the Dungeon
  2704 | D:5      | Reached skill level 6 in Maces & Flails
  3038 | D:5      | Reached skill level 7 in Maces & Flails
  3038 | D:5      | Reached XP level 8. HP: 14/52 MP: 8/8
  3671 | D:6      | Noticed theAP's ghost (novice GrFi)
  3679 | D:6      | Reached skill level 8 in Maces & Flails
  3686 | D:6      | Killed theAP's ghost
  3686 | D:6      | Reached skill level 9 in Maces & Flails
  3686 | D:6      | Reached XP level 9. HP: 59/59 MP: 9/9
  3746 | D:6      | Found a bloodstained altar of Trog.
  3964 | D:6      | Reached skill level 10 in Maces & Flails
  4286 | D:6      | Found a runed door.
  4303 | D:6      | Found a runed door.
  5078 | D:7      | Reached skill level 11 in Maces & Flails
  5100 | D:7      | Reached XP level 10. HP: 66/66 MP: 10/10
  5219 | D:7      | Found a burning altar of Makhleb.
  5476 | D:7      | Found a staircase to the Ecumenical Temple.
  5486 | Temple   | Entered the Ecumenical Temple
  5531 | Temple   | Became a worshipper of Gozag Ym Sagoz the Greedy
  5722 | D:8      | Found Ypuon's Assorted Antiques.
  5844 | D:8      | Found a flagged portal.
  5855 | Bailey   | Entered a bailey
  5864 | Bailey   | Noticed an orc knight
  5868 | Bailey   | Got the ring of Nylaedus {+Fly}
  5871 | Bailey   | Noticed an orc knight
  5914 | Bailey   | Noticed barowei's ghost (novice MiFi)
  5938 | Bailey   | Killed barowei's ghost
  5942 | Bailey   | Reached skill level 10 in Fighting
  5999 | Bailey   | Identified the ring of Nylaedus {+Fly rPois} (You found it in a bailey)
  6196 | Bailey   | Got a smoking executioner's axe {chop}
  6204 | Bailey   | Identified the +1 executioner's axe "Killer Bee's Peril" {chop, rF+ Str+3} (You took it off an orc warrior in a bailey)
  6414 | Bailey   | HP: 3/68 [orc knight/war axe (18)]
  6414 | Bailey   | Slain by an orc knight

Skill      XL: |  1  2  3  4  5  6  7  8  9 10 |
---------------+-------------------------------+-----
Fighting       | 4 5 6 8 9 10 | 10.0
Maces & Flails | 3 5 7 9 11 | 11.8
Armour         | |  3.5
Shields        | |  3.3

Action                   |  1- 3 |  4- 6 |  7- 9 | 10-12 || total
-------------------------+-------+-------+-------+-------++-------
Melee: Flail             |   146 |   184 |   449 |   156 ||   935
Throw: Tomahawk          |       |       |       |    24 ||    24
Invok: Potion Petition   |       |       |       |     2 ||     2
 Abil: Evoke Flight      |       |       |       |     5 ||     5
Evoke: Wand              |       |       |       |    20 ||    20
  Use: Scroll            |       |    11 |     6 |     3 ||    20
       Potion            |       |       |     5 |     4 ||     9
 Stab: Distracted        |       |       |       |     1 ||     1
       Paralysed         |       |       |       |     1 ||     1
  Eat: Chunk             |       |     5 |     9 |     2 ||    16
       Fruit             |       |       |       |     2 ||     2
       Beef jerky        |       |       |       |     1 ||     1
Armor: Scale mail        |    70 |    47 |       |       ||   117
       Chain mail        |       |    82 |   346 |   103 ||   531
Dodge: Dodged            |    35 |    57 |   104 |    49 ||   245
Block: Shield            |    70 |    96 |   278 |    84 ||   528
